 Dungeon Crawl Stone Soup version 0.32-a0-468-g38b2580584 (webtiles) character file.

Game seed: 8928826138965123615

838 Malificent the Ducker (level 7, -1/56 HPs)
             Began as a Gnoll Gladiator on Feb 25, 2024.
             Was a Priest of Nemelex Xobeh.
             Incinerated by a bombardier beetle (4 damage)
             ... with a burning spray
             ... on level 5 of the Dungeon.
             The game lasted 00:14:06 (3571 turns).

Malificent the Ducker (Gnoll Gladiator)             Turns: 3571, Time: 00:14:07

Health: -1/56      AC:  6    Str: 18    XL:     7   Next: 99%
Magic:  3/3        EV: 13    Int:  7    God:    Nemelex Xobeh [***...]
Gold:   80         SH:  0    Dex: 13    Spells: 12/12 levels left

rFire   . . .        l - +4 hand axe of Noudexut {antimagic, rC+ Will+}
rCold   + . .        (no shield)
rNeg    . . .        h - +0 ring mail
rPois   .            c - +0 helmet
rElec   .            (no cloak)
rCorr   .            (no gloves)
SInv    .            (no boots)
Will    +....        s - amulet of Coronation {Faith +Blink Regen+ Str+2}
Stlth   +            (no ring)
HPRegen 1.09/turn    (no ring)
MPRegen 0.08/turn

%: faith
@: on fire, glowing
A: fangs 1, strong nose, distributed training
a: Renounce Religion, Evoke Blink, Draw Escape, Draw Destruction, Draw
Summoning, Triple Draw


You were on level 5 of the Dungeon.
You worshipped Nemelex Xobeh.
Nemelex Xobeh was most pleased with you.
You visited 1 branch of the dungeon, and saw 5 of its levels.

You collected 168 gold pieces.
You spent 88 gold pieces at shops.

Inventory:

Hand Weapons
 a - a +0 war axe
 l - the +4 hand axe of Noudexut (weapon) {antimagic, rC+ Will+}
   (You found it on level 2 of the Dungeon)

   rC+:       It protects you from cold.
   Will+:     It increases your willpower.
Missiles
 d - 3 throwing nets (quivered)
 e - a javelin
Armour
 b - a +0 leather armour
 c - a +0 helmet (worn)
 h - a +0 ring mail (worn)
 m - a +0 helmet
 q - a +0 cloak
Jewellery
 g - an amulet of guardian spirit
 p - an amulet of reflection
 s - the amulet of Coronation (around neck) {Faith +Blink Regen+ Str+2}
   (You found it on level 2 of the Dungeon)

   [amulet of faith]

   Faith:     It allows you to gain divine favour quickly.
   Str+2:     It affects your strength (+2).
   +Blink:    It lets you blink.
   Regen+:    It increases your rate of health regeneration.
Wands
 A - a wand of polymorph (13)
Scrolls
 n - a scroll of blinking
 o - a scroll of fear {unknown}
 r - 5 scrolls of teleportation
 t - a scroll of revelation
 u - a scroll of immolation
 y - 2 scrolls of amnesia {unknown}
Potions
 f - 3 potions of lignification
 j - a potion of haste {unknown}
 k - 2 potions of magic {unknown}
 w - a potion of ambrosia {unknown}
 x - a potion of invisibility {unknown}
 z - a potion of experience {unknown}
 B - a potion of attraction {unknown}
 C - a potion of resistance {unknown}


   Skills:
 + Level 5.5 Fighting
 + Level 3.0 Short Blades
 + Level 3.0 Long Blades
 + Level 7.2 Axes
 + Level 3.0 Maces & Flails
 + Level 3.0 Polearms
 + Level 3.0 Staves
 + Level 3.0 Ranged Weapons
 + Level 5.5 Throwing
 + Level 3.0 Armour
 + Level 7.2 Dodging
 + Level 3.0 Stealth
 + Level 3.0 Shields
 + Level 3.0 Unarmed Combat
 + Level 3.0 Spellcasting
 + Level 2.4 Conjurations
 + Level 2.4 Hexes
 + Level 2.4 Summonings
 + Level 2.4 Necromancy
 + Level 2.4 Translocations
 + Level 2.4 Fire Magic
 + Level 2.4 Ice Magic
 + Level 2.4 Air Magic
 + Level 2.4 Earth Magic
 + Level 2.4 Alchemy
 + Level 3.2 Invocations
 + Level 3.0 Evocations
 + Level 2.6 Shapeshifting


You had 12 spell levels left.
You didn't know any spells.
Your spell library contained the following spells:

 Spells                   Type           Power      Damage    Failure   Level
 Shock                    Conj/Air       16%        1d4       22%         1
 Swiftness                Air            4%         N/A       56%         3
 Airstrike                Air            2%         2d(1-17)  92%         4


Dungeon Overview and Level Annotations

Branches:
Dungeon (5/15)             Temple (0/1) D:4

Altars:
Ashenzari
Kikubaaqudgha
Nemelex Xobeh
Okawaru

Shops:
D:1 *   D:2 !


Innate Abilities, Weirdness & Mutations

You have very sharp teeth.
Your uncanny sense of smell can sniff out nearby items.
Your experience applies equally to all skills.


Message History

Your Unarmed Combat skill increases to level 3!
Your Spellcasting skill increases to level 3!
Your Evocations skill increases to level 3!
You feel better. The liquid fire burns you! The gnoll closely misses you.
Okay, then.
You draw a card...
You have drawn Wild Magic.
The gnoll starts coughing violently.
The gnoll is poisoned.
You feel a surge of magic. The liquid fire burns you!
* * * LOW HITPOINT WARNING * * *
The gnoll closely misses you.
You hit the gnoll.
The gnoll is lightly wounded.
The liquid fire burns you!
* * * LOW HITPOINT WARNING * * *
The gnoll hits you but does no damage.
You feel much better. The liquid fire burns you!
The gnoll hits you with a +1 flail of holy wrath!
You closely miss the gnoll.
The gnoll is moderately wounded.
The liquid fire burns you!
The gnoll hits you with a +1 flail of holy wrath!
* * * LOW HITPOINT WARNING * * *
You closely miss the gnoll.
The gnoll is moderately wounded.
The liquid fire burns you!
* * * LOW HITPOINT WARNING * * *
The gnoll hits you with a +1 flail of holy wrath.
* * * LOW HITPOINT WARNING * * *
You feel better. The liquid fire burns you!
* * * LOW HITPOINT WARNING * * *
The gnoll misses you.
You draw a card...
You have drawn the Cloud.
Clouds appear around your foes! The liquid fire burns you!
You die...
Your body disappears without additional glow.

#........#.
################.#.
#
#<...........†...#.
..
##################.
... ∆....... #...##
######. #...# #.
#####.☼#### #.
......☼g@.# #.
......☼##.# #.
....... #.#### #.
####### #....####
## #.......# #
#....##..# # #....#
#.# # ∆ #....# #.#
# #....# .. #


You could see a gnoll (very poisoned).

Vanquished Creatures
  3 phantoms
  A bombardier beetle (D:5)
  A human zombie (D:4)
  2 orc priests (D:4)
  Jessica (D:3)
  2 iguanas
  2 orc wizards (D:4)
  2 scorpion zombies (D:4)
  Terence (D:3)
  A hound zombie (D:4)
  A hound skeleton (D:4)
  A howler monkey zombie (D:4)
  Robin (D:2)
  7 gnolls
  5 adders
  A howler monkey skeleton (D:4)
  2 adder skeletons (D:4)
  5 ribbon worms
  8 orcs
  7 ball pythons
  10 endoplasms
  4 giant cockroaches
  16 goblins
  9 hobgoblins
  6 kobolds
  6 quokkas
  3 bats
  3 frilled lizards
  A jackal zombie (D:4)
  9 rats
121 creatures vanquished.

Notes
Turn   | Place    | Note
-------+----------+-------------------------------------------
     0 | D:1      | Malificent the Gnoll Gladiator began the quest for the Orb.
     0 | D:1      | Reached XP level 1. HP: 20/20 MP: 1/1
    19 | D:1      | Found Wigh's General Store.
   318 | D:1      | Reached XP level 2. HP: 26/26 MP: 2/2
   456 | D:1      | Found a faded altar of an unknown god.
   460 | D:1      | Prayed at the altar of an unknown god.
   460 | D:1      | Became a worshipper of Nemelex Xobeh the Trickster
   460 | D:1      | Reached * piety under Nemelex Xobeh
   460 | D:1      | Received a gift from Nemelex Xobeh
   632 | D:2      | Identified the +4 hand axe of Noudexut {antimagic, rC+
                  | Will+}
   663 | D:2      | Reached XP level 3. HP: 31/31 MP: 1/3
   663 | D:2      | Found Butsima's Distillery.
   716 | D:2      | Reached skill level 1 in Invocations
   815 | D:2      | Noticed Robin
   818 | D:2      | Reached skill level 1 in Short Blades
   818 | D:2      | Reached skill level 1 in Long Blades
   818 | D:2      | Reached skill level 1 in Maces & Flails
   818 | D:2      | Reached skill level 1 in Polearms
   818 | D:2      | Reached skill level 1 in Staves
   818 | D:2      | Reached skill level 1 in Ranged Weapons
   818 | D:2      | Reached skill level 1 in Armour
   818 | D:2      | Reached skill level 1 in Stealth
   818 | D:2      | Reached skill level 1 in Shields
   818 | D:2      | Reached skill level 1 in Unarmed Combat
   818 | D:2      | Reached skill level 1 in Spellcasting
   818 | D:2      | Reached skill level 1 in Evocations
   834 | D:2      | Reached skill level 1 in Shapeshifting
   834 | D:2      | Reached XP level 4. HP: 23/38 MP: 0/5
   835 | D:2      | Killed Robin
   953 | D:2      | Reached skill level 1 in Conjurations
   953 | D:2      | Reached skill level 1 in Hexes
   953 | D:2      | Reached skill level 1 in Summonings
   953 | D:2      | Reached skill level 1 in Necromancy
   953 | D:2      | Reached skill level 1 in Translocations
   953 | D:2      | Reached skill level 1 in Fire Magic
   953 | D:2      | Reached skill level 1 in Ice Magic
   953 | D:2      | Reached skill level 1 in Air Magic
   953 | D:2      | Reached skill level 1 in Earth Magic
   953 | D:2      | Reached skill level 1 in Alchemy
  1074 | D:2      | Identified the amulet of Coronation {Faith +Blink Regen+
                  | Str+2}
  1325 | D:2      | Reached ** piety under Nemelex Xobeh
  1364 | D:2      | Bought a potion of curing for 33 gold pieces
  1466 | D:3      | Reached XP level 5. HP: 43/43 MP: 2/7
  1487 | D:3      | Found a broken altar of Ashenzari.
  1487 | D:3      | Found an iron altar of Okawaru.
  1661 | D:3      | Noticed Terence
  1677 | D:3      | Killed Terence
  1894 | D:3      | Received a gift from Nemelex Xobeh
  1944 | D:3      | Noticed Jessica
  1951 | D:3      | Killed Jessica
  2216 | D:2      | Bought a potion of heal wounds for 55 gold pieces
  2374 | D:4      | Reached XP level 6. HP: 48/49 MP: 2/8
  2406 | D:4      | Reached skill level 5 in Fighting
  2406 | D:4      | Reached skill level 5 in Throwing
  2443 | D:4      | Reached *** piety under Nemelex Xobeh
  2587 | D:4      | Found a staircase to the Ecumenical Temple.
  3074 | D:4      | Received a gift from Nemelex Xobeh
  3107 | D:4      | Found an ancient bone altar of Kikubaaqudgha.
  3124 | D:4      | Reached XP level 7. HP: 56/56 MP: 3/10
  3380 | D:5      | Entered Level 5 of the Dungeon
  3569 | D:5      | HP: 2/56 [gnoll/+1 flail of holy wrath (4)]
  3571 | D:5      | Incinerated by a bombardier beetle

Illustrated notes

Levels and vault maps discovered:
D:1:      lightli_arrival_lavapool, layout_basic, serial_shops, shop_fountains,
          hellmonk_ecumenical_altar_leap_of_faith
D:2:      layout_basic, serial_shops, nicolae_shop_industrial_runoff,
          minmay_circle_x, uniq_robin
D:3:      layout_rooms, gammafunk_temple_overflow_wave, serial_co_window_serial,
          co_window_corner_a, co_window_paths_b, co_window_paths_a,
          co_window_corner_a, co_window_of_opportunity_a,
          co_window_of_opportunity_c, co_window_paths_c, co_window_broadway_a,
          co_window_corner_cb, co_window_cross_4, co_window_unsneaky_path_e,
          co_window_of_opportunity_b, glass_columns_a, glass_columns_b,
          glass_columns_c, minmay_vboxes, uniq_terence, uniq_jessica
D:4:      layout_loops_corners, lemuel_mausoleum_altar_kikubaaqudgha,
          minmay_temple_entry_butterflies, kennysheep_boxes
D:5:      layout_basic, mainiacjoe_overflow_alcove_2

Skill      XL: |  1  2  3  4  5  6  7 |
---------------+----------------------+-----
Invocations    | 1 2 3 |  3.2
Short Blades   | 1 2 3 |  3.0
Long Blades    | 1 2 3 |  3.0
Maces & Flails | 1 2 3 |  3.0
Polearms       | 1 2 3 |  3.0
Staves         | 1 2 3 |  3.0
Ranged Weapons | 1 2 3 |  3.0
Armour         | 1 2 3 |  3.0
Stealth        | 1 2 3 |  3.0
Shields        | 1 2 3 |  3.0
Unarmed Combat | 1 2 3 |  3.0
Spellcasting   | 1 2 3 |  3.0
Evocations     | 1 2 3 |  3.0
Shapeshifting  | 1 2 |  2.6
Conjurations   | 1 2 |  2.4
Hexes          | 1 2 |  2.4
Summonings     | 1 2 |  2.4
Necromancy     | 1 2 |  2.4
Translocations | 1 2 |  2.4
Fire Magic     | 1 2 |  2.4
Ice Magic      | 1 2 |  2.4
Air Magic      | 1 2 |  2.4
Earth Magic    | 1 2 |  2.4
Alchemy        | 1 2 |  2.4
Fighting       | 5 |  5.5
Throwing       | 5 |  5.5
Axes           | 7 |  7.2
Dodging        | 7 |  7.2

Action                     |  1- 3 |  4- 6 |  7- 9 || total
---------------------------+-------+-------+-------++-------
  Melee: War axe           |    31 |       |     3 ||    34
         Bite              |     3 |    23 |    17 ||    43
         Hand axe          |    40 |   193 |    98 ||   331
 Invoke: Draw Escape       |       |       |     1 ||     1
         Draw Destruction  |       |       |     1 ||     1
    Use: Scroll            |       |     6 |       ||     6
         Potion            |       |       |     3 ||     3
   Stab: Sleeping          |     1 |     1 |     2 ||     4
 Armour: Leather armour    |     3 |       |       ||     3
         Ring mail         |    35 |    80 |    50 ||   165
  Dodge: Dodged            |    59 |   101 |    33 ||   193

Table legend: (Time is in decaauts)
 A = Elapsed time spent in this place.
 B = Non-inter-level travel time spent in this place.
 C = Inter-level travel time spent in this place.
 D = Time resting spent in this place.
 E = Time spent auto-exploring this place.
 F = Levels seen in this place.
 G = Mean time per level.
                   A        B        C        D        E       F      G
               +--------+--------+--------+--------+--------+-----+--------+
         Total |   3598 |   3398 |    200 |    162 |   2126 |   5 |  719.6 |
       Dungeon |   3598 |   3398 |    200 |    162 |   2126 |   5 |  719.6 |
               +--------+--------+--------+--------+--------+-----+--------+

Top non-repeatable levels by time:
     D:4: 1169 daAuts
     D:3: 811 daAuts
     D:2: 804 daAuts
     D:1: 628 daAuts
     D:5: 184 daAuts
